Map: [ESL] Altitude

Players

PiG - Winner!

  • Race: Zerg Zerg
  • League: Master
  • Spawn Location: 1:00

HyperONE

  • Race: Protoss Protoss
  • League: Diamond
  • Spawn Location: 7:00

VOD

Have the link to the VOD?

Description

Time

  • Played on: April 11, 2023, 8:55 p.m.
  • Length: 18:02
Show
View Real Time Build Order
Export as new Build Order

PiG Zerg - Winner!

Build Orders: Hatch First 

Get SALT Encoding   

  12  0:01  Drone  
  13  0:12  Overlord  
  13  0:17  Drone  
  14  0:30  Drone x2  
  16  0:38  Drone  
  17  0:53  Hatchery  
  16  0:57  Drone  
  16  1:01  Drone  
  18  1:14  Extractor  
  18  1:17  Spawning Pool  
  16  1:20  Drone  
  16  1:25  Drone  
  18  1:30  Drone  
  19  1:43  Overlord  
  19  1:54  Drone  
  20  2:05  Queen x2  
  20  2:08  Zergling x4  
  26  2:13  Drone  
  27  2:20  Metabolic Boost  
  27  2:24  Drone x2  
  29  2:34  Drone x2  
  31  2:37  Drone  
  32  2:50  Hatchery  
  31  2:56  Queen  
  33  3:02  Overlord  
  33  3:06  Drone x3  
  36  3:16  Overlord  
  36  3:21  Drone  
  36  3:22  Drone x2  
  36  3:24  Drone x3  
  36  3:25  Drone  
  43  3:52  Drone x9  
  43  3:54  Overlord  
  52  4:01  Queen x2  
  52  4:02  Overlord  
  56  4:10  Extractor  
  56  4:11  Baneling Nest  
  54  4:23  Drone x8  
  54  4:24  Drone x2  
  64  4:34  Overlord  
  64  4:35  Overlord x4  
  63  4:51  Spore Crawler  
  56  5:11  Spore Crawler  
  56  5:12  Drone x4, Spore Crawler  
  56  5:13  Drone  
  59  5:15  Drone x2  
  59  5:16  Drone  
  59  5:17  Drone x3  
  59  5:19  Queen  
  67  5:26  Lair  
  67  5:27  Drone x3  
  67  5:28  Drone, Evolution Chamber x2  
  69  5:50  Hatchery  
  69  5:51  Hatchery  
  69  5:54  Zergling x18  
  76  6:01  Zerg Ground Armor Level 1, Zerg Melee Weapons Level 1  
  74  6:22  Queen  
  74  6:23  Queen  
  78  6:36  Centrifugal Hooks  
  78  6:53  Extractor  
  77  6:54  Drone x8  
  77  6:55  Extractor, Spire, Drone  
  77  6:56  Drone x3  
  77  6:57  Drone x3  
  77  6:58  Hatchery x2  
  86  7:18  Queen  
  87  7:39  Zergling x30  
  100  7:59  Baneling  
  100  8:04  Zergling x8  
  100  8:05  Overlord x9  
  101  8:11  Zergling x20  
  109  8:29  Zergling x10  
  109  8:30  Zergling x22  
  125  8:41  Spore Crawler  
  125  8:47  Baneling  
  125  8:48  Baneling x18  
  123  8:49  Zergling x40  
  143  8:59  Baneling x10  
  143  9:00  Baneling x23  
  143  9:10  Zergling x30  
  143  9:11  Zergling x2  
  143  9:12  Overlord x2  
  100  9:59  Zerg Melee Weapons Level 2  
  83  10:00  Zerg Ground Armor Level 2  
  83  10:05  Extractor  
  83  10:06  Extractor, Drone x3  
  84  10:08  Drone x3  
  84  10:10  Drone x2  
  84  10:11  Drone  
  84  10:13  Extractor x2, Drone x3  
  91  10:15  Drone x3  
  91  10:16  Drone x3  
  91  10:17  Drone x3  
  100  10:27  Zergling x38  
  100  10:28  Hatchery  
  118  10:35  Hatchery  
  117  10:37  Spore Crawler  
  117  10:39  Spore Crawler  
  115  10:46  Hatchery  
  110  11:00  Zergling x46  
  131  11:13  Drone x2, Spore Crawler  
  131  11:14  Drone x2, Spore Crawler  
  131  11:15  Spore Crawler  
  131  11:17  Baneling x7  
  131  11:18  Baneling x8  
  126  11:43  Hatchery  
  97  11:54  Zergling x36  
  110  12:04  Overlord  
  110  12:05  Queen  
  110  12:21  Hatchery  
  109  12:23  Baneling  
  109  12:36  Hatchery  
  108  12:40  Spore Crawler x2  
  108  12:41  Spore Crawler  
  88  13:11  Zergling x34  
  95  13:22  Drone x6  
  98  13:30  Hatchery  
  96  13:53  Overseer  
  96  14:18  Hatchery  
  74  14:47  Mutalisk x22  
  74  14:52  Mutalisk x3  
  122  14:53  Baneling x4  
  122  14:55  Mutalisk x3  
  126  15:00  Hatchery  
  122  15:11  Mutalisk x8  
  106  15:25  Mutalisk x3  
  85  15:40  Mutalisk x2  
  84  16:03  Zergling x14  
  90  16:21  Drone x2  
  90  16:22  Drone  
  90  16:23  Drone x4  
  90  16:24  Drone x2  
  99  16:26  Drone x3  
  101  17:02  Mutalisk x15  
  125  17:37  Drone x3  
  127  17:40  Extractor  
  127  17:41  Extractor  
Show
View Real Time Build Order
Export as new Build Order

HyperONE Protoss 

Build Orders: 1 Gate Expand, Oracle Opening 

Get SALT Encoding   

  12  0:00  Probe  
  13  0:12  Probe  
  14  0:19  Pylon  
  14  0:24  Probe  
  15  0:37  Probe (Chrono Boost)  
  15  0:40  Gateway  
  16  0:49  Probe (Chrono Boost), Assimilator  
  17  0:54  Probe (Chrono Boost)  
  18  1:03  Probe  
  19  1:15  Probe  
  20  1:34  Nexus  
  20  1:38  Cybernetics Core  
  20  1:45  Pylon  
  20  1:51  Assimilator  
  20  1:53  Probe  
  21  2:05  Probe (Chrono Boost)  
  22  2:14  Zealot  
  22  2:15  Probe (Chrono Boost)  
  25  2:19  Stargate  
  25  2:25  Probe  
  25  2:28  Assimilator  
  26  2:46  Probe (Chrono Boost)  
  26  2:47  Probe (Chrono Boost)  
  30  2:59  Probe x2 (Chrono Boost)  
  34  3:08  Shield Battery  
  34  3:09  Probe x2, Void Ray  
  36  3:16  Sentry  
  38  3:23  Stargate  
  38  3:27  Probe (Chrono Boost)  
  38  3:31  Probe (Chrono Boost)  
  40  3:38  Assimilator  
  40  3:39  Probe (Chrono Boost)  
  42  3:44  Probe (Chrono Boost)  
  42  3:45  Probe (Chrono Boost)  
  42  3:48  Oracle  
  46  3:56  Pylon  
  46  4:14  Nexus, Probe  
  47  4:19  Pylon  
  47  4:23  Oracle  
  50  4:35  Probe x2  
  52  4:47  Probe x2  
  50  4:57  Forge  
  50  4:59  Probe x2  
  52  5:11  Probe x2 (Chrono Boost)  
  52  5:13  Shield Battery  
  54  5:15  Pylon  
  54  5:20  Void Ray (Chrono Boost)  
  58  5:27  Probe x2 (Chrono Boost)  
  61  5:29  Probe (Chrono Boost)  
  61  5:32  Void Ray (Chrono Boost)  
  61  5:34  Probe  
  66  5:37  Adept  
  66  5:41  Probe x2  
  70  5:43  Shield Battery  
  70  5:46  Probe, Shield Battery  
  70  5:47  Photon Cannon  
  71  5:53  Probe x2  
  73  5:59  Probe  
  73  6:00  Protoss Shields Level 1  
  74  6:05  Probe x2  
  76  6:16  Probe  
  76  6:17  Probe, Protoss Air Weapons Level 1  
  76  6:19  Assimilator  
  76  6:21  Assimilator  
  76  6:28  Probe  
  76  6:30  Robotics Facility  
  76  6:31  Void Ray x2  
  84  6:42  Photon Cannon  
  84  6:43  Probe (Chrono Boost)  
  85  6:48  Pylon  
  85  6:49  Pylon  
  85  7:06  Probe  
  86  7:12  Probe  
  86  7:13  Probe  
  88  7:18  Probe  
  89  7:25  Probe x2  
  91  7:30  Probe  
  91  7:36  Robotics Bay  
  100  7:37  Probe  
  100  7:38  Stargate, Void Ray x2  
  100  7:39  Nexus  
  100  7:40  Pylon  
  100  7:42  Pylon  
  101  7:44  Robotics Facility  
  102  7:58  Observer  
  102  8:10  Shield Battery  
  102  8:11  Probe x3, Shield Battery  
  105  8:14  Pylon  
  105  8:16  Photon Cannon x2  
  105  8:17  Photon Cannon  
  105  8:19  Photon Cannon  
  109  8:21  Void Ray  
  109  8:22  Pylon  
  109  8:24  Pylon  
  109  8:32  Probe x2  
  109  8:33  Observer  
  116  8:37  Probe  
  116  8:38  Void Ray  
  117  8:44  Probe x2  
  119  8:49  Probe  
  119  8:51  Disruptor, Fleet Beacon  
  119  8:54  Observer  
  119  8:55  Void Ray  
  128  9:02  Probe x4  
  132  9:06  Photon Cannon  
  132  9:07  Gateway  
  132  9:08  Pylon  
  132  9:10  Shield Battery  
  132  9:12  Photon Cannon  
  132  9:14  Probe, Photon Cannon  
  132  9:15  Disruptor  
  93  9:50  Pylon  
  92  9:58  Nexus  
  92  10:03  Disruptor  
  92  10:04  Disruptor  
  110  10:09  Void Ray x3  
  110  10:18  Nexus  
  110  10:28  Probe x2  
  108  10:36  Pylon  
  108  10:38  Pylon  
  108  10:40  Probe x2  
  109  10:52  Probe  
  109  10:56  Probe  
  119  10:59  Void Ray x2  
  119  11:02  Nexus  
  120  11:04  Probe, Pylon  
  120  11:05  Gateway  
  120  11:08  Probe  
  120  11:10  Twilight Council  
  125  11:20  Void Ray  
  127  11:51  Observer  
  127  11:52  Observer  
  111  11:54  Observer  
  111  11:57  Gateway  
  105  12:01  Pylon  
  105  12:03  Probe x3  
  105  12:08  Sentry  
  110  12:13  Flux Vanes  
  113  12:15  Probe (Chrono Boost)  
  113  12:16  Probe (Chrono Boost)  
  121  12:24  Void Ray x2  
  121  12:29  Probe (Chrono Boost)  
  127  12:38  Probe x3 (Chrono Boost)  
  127  12:39  Assimilator  
  127  12:44  Stargate  
  127  12:48  Probe  
  111  13:01  Probe  
  111  13:02  Probe x2  
  117  13:07  Void Ray x2  
  110  13:14  Probe x3  
  110  13:15  Nexus  
  93  13:28  Pylon  
  93  13:31  Observer x2  
  95  13:38  Probe x3  
  102  13:49  Void Ray  
  102  13:52  Observer  
  102  13:53  Observer  
  104  13:56  Pylon  
  104  14:03  Gateway  
  104  14:05  Gateway  
  104  14:10  Photon Cannon  
  104  14:14  Observer x2  
  105  14:41  Probe x5  
  105  14:44  Pylon  
  106  14:51  Pylon  
  106  14:53  Probe x4  
  109  15:19  Probe x2 (Chrono Boost)  
  97  15:23  Probe (Chrono Boost), Zealot  
  97  15:24  Probe x2 (Chrono Boost)  
  93  15:30  Probe x2 (Chrono Boost)  
  93  15:31  Assimilator  
  93  15:32  Assimilator  
  93  15:33  Probe (Chrono Boost)  
  93  15:34  Probe x2 (Chrono Boost), Photon Cannon x2  
  93  15:35  Photon Cannon  
  81  15:36  Cybernetics Core  
  81  15:39  Probe x2 (Chrono Boost), Photon Cannon x3  
  63  15:43  Probe (Chrono Boost)  
  63  15:49  Probe x3 (Chrono Boost)  
  64  15:50  Zealot  
  66  15:57  Probe x3  
  66  15:58  Probe x2, Photon Cannon  
  66  16:00  Photon Cannon  
  66  16:02  Pylon, Photon Cannon  
  71  16:07  Observer  
  71  16:09  Probe x3  
  71  16:10  Probe  
  71  16:11  Probe  
  76  16:14  Photon Cannon  
  76  16:20  Pylon  
  76  16:21  Probe, Gateway  
  76  16:25  Probe x3, Photon Cannon  
  80  16:26  Photon Cannon  
  80  16:40  Probe (Chrono Boost)  
  80  16:41  Probe x3 (Chrono Boost)  
  82  16:52  Assimilator x2  
  82  16:53  Probe (Chrono Boost)  
  78  16:59  Stargate  
  78  17:02  Probe (Chrono Boost)  
  78  17:07  Probe  
  79  17:18  Probe  
  79  17:19  Probe x2  
  82  17:31  Probe x3  
  82  17:32  Assimilator  
  85  17:40  Pylon  
  85  17:42  Shield Battery  
  83  17:45  Shield Battery  
  83  17:50  Shield Battery  
  83  17:51  Photon Cannon  
Tags
 
Add a new tag
Caveats
  • Supply blocks, unpowered buildings, or Contaminate may cause inaccurate times.
  • Supply counts are checked every 10 seconds.